 Dungeon Crawl Stone Soup version 0.21.1-1-g345015fe64 (webtiles) character file.

1260 Oravi the Slinger (level 8, -6/54 HPs)
             Began as a Halfling Hunter on Apr 21, 2018.
             Mangled by a hornet (11 damage)
             ... while paralysed by a hornet
             ... on level 8 of the Dungeon.
             The game lasted 00:14:40 (5108 turns).

Oravi the Slinger (Halfling Hunter)                 Turns: 5108, Time: 00:14:40

Health: -6/54      AC:  6    Str: 13    XL:     8   Next: 81%
Magic:  8/8        EV:  3    Int:  9    God:
Gold:   266        SH:  0    Dex: 17    Spells: 7/7 levels left

rFire    . . .     SeeInvis .   a - +3 hunting sling (freeze)
rCold    . . .     Gourm    .   (shield restricted)
rNeg     . . .     Faith    .   c - +1 leather armour
rPois    .         Spirit   .   (no helmet)
rElec    .         Reflect  .   (no cloak)
rCorr    .         Harm     .   l - +0 pair of gloves
MR       .....                  t - +0 pair of boots
Stlth    ++........             (no amulet)
HPRegen  0.18/turn              j - ring of wizardry
MPRegen  0.11/turn              (no ring)

@: paralysed, lethally poisoned (-6 -> -23), very slightly contaminated, slowed
A: small, mutation resistance 1
a: no special abilities


You were on level 8 of the Dungeon.
You were not hungry.

You visited 1 branch of the dungeon, and saw 7 of its levels.

You collected 266 gold pieces.

Inventory:

Hand Weapons
 a - a +3 hunting sling of freezing (weapon)
 b - a +0 short sword
 m - a +1 hunting sling
Missiles
 d - 51 sling bullets
 i - 146 stones (quivered)
Armour
 c - a +1 leather armour (worn)
 l - a +0 pair of gloves (worn)
 t - a +0 pair of boots (worn)
 y - a +1 robe of magic resistance
Jewellery
 j - a ring of wizardry (left hand)
 v - an uncursed ring of positive energy {unknown}
Wands
 h - a wand of flame (30)
 n - a wand of acid (10)
Scrolls
 e - 3 scrolls of teleportation
 g - 2 scrolls of identify
 s - 3 scrolls of fog
 u - a scroll of remove curse
 A - a scroll of enchant weapon
Potions
 k - a potion of invisibility
 o - a potion of lignification
 q - 2 potions of brilliance
 r - a potion of might {unknown}
 x - 2 potions of curing
Comestibles
 f - 11 rations
 z - 3 chunks of flesh


   Skills:
 + Level 3.8 Fighting
 + Level 11.9 Slings
 + Level 2.3 Armour
 * Level 5.6 Dodging
 - Level 1.1 Stealth


You had 7 spell levels left.
You didn't know any spells.

Dungeon Overview and Level Annotations

Branches:
Dungeon (6/15)             Temple (0/1) D:6

Altars:
Ashenzari
Dithmenos
Qazlal
Sif Muna
Uskayaw

Shops:
D:4 (   D:5 }


Innate Abilities, Weirdness & Mutations

You are small and have problems with some larger weapons.
You are somewhat resistant to further mutation.


Message History

Aim: a hornet (lightly wounded)
You shoot a stone.
The stone hits the hornet but does no damage.
The hornet is lightly wounded.
The hornet stings you!
You feel as though you will be slow longer.
The hornet stings you.
You are poisoned.
You suddenly lose the ability to move!
You feel sick. The hornet stings you.
You feel as though you will be slow longer.
You feel sick.
The hornet stings you but does no damage.
The hornet stings you!
* * * LOW HITPOINT WARNING * * *
You are lethally poisoned!
You feel as though you will be slow longer.
* * * LOW HITPOINT WARNING * * *
You feel sick. The hornet stings you!
You die...

###.# ..#.# ###########
#.#.#.##### #.........##.
#.#.#.....########............
#.#.#####.#..@y((((........(..
#.#.# #.#.######............
####.#.#####.#.# #...####.....
.....#.......#'### #...# y(..
####...######....# ##### .#(
+...+ #....# y. #...# #....# .
#...# ##+### #...#


You could see a hornet.

Vanquished Creatures
  Menkaure (D:4)
  Duvessa (D:5)
  An eye of draining (D:5)
  A centaur (D:4)
  A bullfrog (D:8)
  Dowan (D:5)
  A howler monkey (D:4)
  A crimson imp (D:5)
  A bullfrog zombie (D:5)
  2 jellies
  A hound (D:3)
  A bullfrog skeleton (D:5)
  An orc priest (D:6)
  An iguana (D:4)
  Ijyb (D:3)
  4 orc wizards
  Natasha (D:2)
  A killer bee zombie (D:5)
  4 worker ants
  A hound skeleton (D:5)
  4 adders
  A howler monkey skeleton (D:6)
  A shadow imp (D:8)
  2 oozes
  An adder zombie (D:5)
  An adder skeleton (D:5)
  4 worms
  A dart slug (D:4)
  5 leopard geckos
  19 orcs
  3 ball pythons
  3 giant cockroaches
  7 goblins
  5 hobgoblins
  3 quokkas
  5 bats
  3 frilled lizards
  5 kobolds
  15 rats
115 creatures vanquished.

Notes
Turn   | Place    | Note
-------+----------+-------------------------------------------
     0 | D:1      | Oravi the Halfling Hunter began the quest for the Orb.
     0 | D:1      | Reached XP level 1. HP: 14/14 MP: 1/1
    73 | D:1      | Reached skill level 6 in Slings
    94 | D:1      | Reached XP level 2. HP: 19/19 MP: 2/2
   910 | D:2      | Reached XP level 3. HP: 20/24 MP: 3/3
  1105 | D:2      | Found a deep blue altar of Sif Muna.
  1318 | D:2      | Reached skill level 7 in Slings
  1363 | D:2      | Noticed Natasha
  1373 | D:2      | Killed Natasha
  1373 | D:2      | Reached skill level 1 in Armour
  1373 | D:2      | Reached XP level 4. HP: 8/29 MP: 4/4
  1760 | D:2      | Found a stormy altar of Qazlal.
  1827 | D:2      | Found a hide-covered altar of Uskayaw.
  2013 | D:3      | Reached XP level 5. HP: 27/34 MP: 5/5
  2134 | D:3      | Reached skill level 8 in Slings
  2685 | D:3      | Noticed Ijyb
  2702 | D:3      | Killed Ijyb
  2943 | D:4      | Found Suuvej's Antique Weapon Shoppe.
  2954 | D:4      | Reached XP level 6. HP: 41/41 MP: 6/6
  2968 | D:4      | Reached skill level 9 in Slings
  3175 | D:4      | Found a shattered altar of Ashenzari.
  3283 | D:4      | Noticed Menkaure
  3287 | D:4      | Killed Menkaure
  3287 | D:4      | Reached XP level 7. HP: 33/45 MP: 7/7
  3408 | D:4      | Found a shadowy altar of Dithmenos.
  3635 | D:4      | Reached skill level 10 in Slings
  3876 | D:5      | Entered Level 5 of the Dungeon
  3935 | D:5      | Found Ewuthro's Gadget Shop.
  4023 | D:5      | Reached XP level 8. HP: 52/52 MP: 8/8
  4195 | D:5      | Reached skill level 11 in Slings
  4239 | D:5      | Noticed Dowan
  4244 | D:5      | Killed Dowan
  4244 | D:5      | Reached skill level 5 in Dodging
  4246 | D:5      | Noticed Duvessa
  4266 | D:5      | Killed Duvessa
  5009 | D:6      | Found a staircase to the Ecumenical Temple.
  5026 | D:6      | You fall through a shaft for 2 floors!
  5088 | D:8      | Noticed a hornet
  5105 | D:8      | Paralysed by a hornet for 3 turns
  5108 | D:8      | Mangled by a hornet

Skill      XL: |  1  2  3  4  5  6  7  8 |
---------------+-------------------------+-----
Slings         | 6 7 8 9 10 11 | 11.9
Fighting       | 2 3 |  3.8
Armour         | 1 2 |  2.3
Dodging        | 3 4 5 |  5.6
Stealth        | |  1.1

Action                   |  1- 3 |  4- 6 |  7- 9 || total
-------------------------+-------+-------+-------++-------
Melee: Short sword       |       |       |     3 ||     3
 Fire: Hunting sling     |    75 |   145 |   226 ||   446
  Use: Scroll            |     4 |     5 |     7 ||    16
       Potion            |       |     2 |     1 ||     3
  Eat: Chunk             |     1 |     6 |     5 ||    12
Armor: Leather armour    |     5 |     2 |     7 ||    14
       Skin              |       |       |     8 ||     8
Dodge: Dodged            |     8 |    27 |    37 ||    72
